 Dungeon Crawl Stone Soup version 0.28.0-53-g5a82cb258f (webtiles) character file.

Game seed: 14185593630581193235

4036 quokkamancerX the Cleaver (level 10, 0/126 HPs)
             Began as a Naga Berserker on June 26, 2022.
             Was a Priest of Trog.
             Slain by a komodo dragon (19 damage)
             ... on level 9 of the Dungeon.
             The game lasted 00:17:54 (10987 turns).

quokkamancerX the Cleaver (Naga Berserker)         Turns: 10987, Time: 00:17:54

Health: 0/126      AC: 18    Str: 24    XL:     10   Next: 24%
Magic:  10/10      EV:  3    Int:  7    God:    Trog [***...]
Gold:   401        SH:  0    Dex: 11    Spells: 9/9 levels left

rFire   . . .      SeeInvis +   a - +0 war axe
rCold   . . .      Faith    +   (no shield)
rNeg    . . .      Spirit   .   f - +0 plate armour
rPois   +          Reflect  .   l - +0 helmet
rElec   .          Harm     .   (no cloak)
rCorr   .          Rampage  .   (no gloves)
Will    +....                   k - +0 barding
Stlth   ..........              p - amulet of faith
HPRegen 0.31/turn               m - +4 ring of protection
MPRegen 0.12/turn               (no ring)

@: berserking, quick
A: AC +3, large, see invisible, deformed body, poison resistance, slowness 2,
spit poison 1, naga tail 1
a: Spit Poison, Renounce Religion, Berserk, Trog's Hand


You were on level 9 of the Dungeon.
You worshipped Trog.
Trog was most pleased with you.
You visited 1 branch of the dungeon, and saw 9 of its levels.

You collected 401 gold pieces.

Inventory:

Hand Weapons
 a - a +0 war axe (weapon)
Missiles
 j - 11 boomerangs
Armour
 f - a +0 plate armour (worn)
 k - a +0 barding (worn)
 l - a +0 helmet (worn)
Jewellery
 m - a +4 ring of protection (left hand)
 p - an amulet of faith (around neck)
 s - a +6 ring of intelligence
Wands
 w - a wand of flame (93)
 x - a wand of paralysis (14)
 y - a wand of polymorph (9)
 B - a wand of iceblast (6)
 C - a wand of charming (12)
Scrolls
 c - a scroll of vulnerability {unknown}
 d - a scroll of brand weapon {unknown}
 e - a scroll of enchant armour {unknown}
 g - 2 scrolls of blinking
 h - 2 scrolls of teleportation
 n - a scroll of acquirement {unknown}
 q - a scroll of magic mapping {unknown}
 r - a scroll of fog {unknown}
 A - a scroll of summoning {unknown}
Potions
 b - 2 potions of mutation
 o - a potion of magic {unknown}
 t - a potion of lignification {unknown}
 u - 3 potions of cancellation
 v - 2 potions of curing
 z - a potion of flight {unknown}
 D - a potion of degeneration {unknown}


   Skills:
 - Level 3.0 Fighting
 + Level 14.6 Axes
 - Level 1.5 Armour
 - Level 1.5 Dodging


You had 9 spell levels left.
You didn't know any spells.
Your spell library was empty.

Dungeon Overview and Level Annotations

Branches:
Dungeon (9/15)             Temple (0/1) D:5
   Lair: D:8-11         Orc: D:9-12

Altars:
Dithmenos
Vehumet


Innate Abilities, Weirdness & Mutations

Your serpentine skin is tough. (AC +3)
You have supernaturally acute eyesight. (SInv)
Armour fits poorly on your strangely shaped body.
Your system is resistant to poisons. (rPois)
You cover ground very slowly.
You can spit poison.
You have a snake-like lower body.


Message History

The ball of steam misses you.
You hear an angry hiss.
The komodo dragon bites you but does no damage.
The steam dragon bites you.
The steam dragon claws you but does no damage.
You hit the steam dragon.
The steam dragon is lightly wounded.
You hit the komodo dragon. The komodo dragon bites you!
The steam dragon bites you.
The steam dragon claws you but does no damage.
A wyvern comes into view.
You slash the steam dragon! Your punch misses the steam dragon.
The steam dragon is heavily wounded.
You hit the komodo dragon but do no damage.
The komodo dragon barely misses you. The steam dragon barely misses you.
The steam dragon completely misses you.
You hit the steam dragon.
The steam dragon is severely wounded.
You hit the komodo dragon but do no damage.
The komodo dragon bites you but does no damage.
The steam dragon bites you!
* * * LOW HITPOINT WARNING * * *
The steam dragon claws you but does no damage.
You slash the steam dragon!
The steam dragon is almost dead.
You hit the komodo dragon.
A red film seems to cover your vision as you go berserk!
You feel yourself moving faster!
You feel mighty!
The komodo dragon bites you but does no damage.
The steam dragon breathes steam at you. The ball of steam hits you!
* * * LOW HITPOINT WARNING * * *
You closely miss the steam dragon.
The steam dragon is almost dead.
You hit the komodo dragon.
You are engulfed in a cloud of scalding steam.
The komodo dragon is engulfed in a cloud of scalding steam.
The komodo dragon hisses menacingly.
The komodo dragon bites you!!
You die...

..... ..... .....
..... ..... ## ####
### #####
#.##..##########.# #
#.#.###§§.......##
##.#...lD@§§.###....##
#.......l§§###
####..####
l........#####.#
#.##...## .#.....##.#
### #######.† ..#...#
#.. ### #..... ###
##.### ## ...... ..


You could see a komodo dragon, a steam dragon (catching breath) and a wyvern.

Vanquished Creatures
  Pikel (D:6)
  Joseph (D:7)
  Grinder (D:4)
  4 wyverns
  A basilisk (D:9)
  A steam dragon (D:8)
  Menkaure (D:7)
  An orc warrior (D:8)
  6 ogres
  A black bear (D:8)
  4 centaurs
  2 phantoms
  Blork the orc (D:6)
  A bullfrog (D:6)
  A water moccasin zombie (D:7)
  3 howler monkeys
  2 centaur zombies
  A hound (D:5)
  3 jellies
  2 orc priests
  A bullfrog skeleton (D:5)
  A centaur skeleton (D:7)
  2 iguanas
  Natasha (thrice) (D:2)
  An orc wizard (D:3)
  2 hound zombies (D:5)
  Robin (D:3)
  A gnoll (D:1)
  3 howler monkey zombies
  2 adders
  A white imp (D:8)
  2 ufetubi
  2 adder skeletons (D:4)
  4 worms
  4 dart slugs
  19 orcs
  6 ball pythons
  8 endoplasms
  8 giant cockroaches
  19 goblins
  12 hobgoblins
  3 quokkas
  6 bats
  10 kobolds
  5 rats
164 creatures vanquished.

Vanquished Creatures (others)
  A jelly (D:4)
  A goblin (D:4)
2 creatures vanquished.

Grand Total: 166 creatures vanquished

Notes
Turn   | Place    | Note
-------+----------+-------------------------------------------
     0 | D:1      | quokkamancerX the Naga Berserker began the quest for the
                  | Orb.
     0 | D:1      | Reached XP level 1. HP: 21/21 MP: 1/1
   395 | D:1      | Reached XP level 2. HP: 25/28 MP: 2/2
   963 | D:1      | Reached skill level 4 in Axes
   963 | D:1      | Reached XP level 3. HP: 24/34 MP: 3/3
  1965 | D:2      | Noticed Natasha
  1972 | D:2      | Killed Natasha
  1973 | D:2      | Reached skill level 5 in Axes
  1973 | D:2      | Reached XP level 4. HP: 18/42 MP: 4/4
  2261 | D:2      | Noticed Natasha
  2263 | D:2      | Reached ** piety under Trog
  2272 | D:2      | Killed Natasha
  2381 | D:2      | Reached XP level 5. HP: 48/49 MP: 5/5
  2515 | D:2      | Noticed Natasha
  2520 | D:2      | Killed Natasha
  2773 | D:3      | Reached skill level 6 in Axes
  2995 | D:3      | Noticed Robin
  3005 | D:3      | Killed Robin
  3555 | D:3      | Found a faded altar of an unknown god.
  3746 | D:3      | Reached XP level 6. HP: 35/56 MP: 6/6
  4213 | D:4      | Reached *** piety under Trog
  4306 | D:4      | Reached skill level 7 in Axes
  4313 | D:4      | HP: 4/84 [ogre/+0 giant club (22)]
  4316 | D:4      | Reached XP level 7. HP: 5/62 MP: 7/7
  4662 | D:4      | Reached skill level 8 in Axes
  4828 | D:4      | Noticed Grinder
  4831 | D:4      | Paralysed by Grinder for 4 turns
  4848 | D:4      | Killed Grinder
  5143 | D:4      | Found a shadowy altar of Dithmenos.
  5395 | D:5      | Entered Level 5 of the Dungeon
  5465 | D:5      | Reached skill level 9 in Axes
  5658 | D:5      | Reached XP level 8. HP: 63/69 MP: 8/8
  5876 | D:5      | Found a staircase to the Ecumenical Temple.
  5948 | D:5      | Reached skill level 10 in Axes
  6664 | D:6      | Reached skill level 11 in Axes
  6890 | D:6      | Noticed Blork the orc
  6898 | D:6      | Killed Blork the orc
  6954 | D:6      | Reached XP level 9. HP: 70/75 MP: 9/9
  6981 | D:6      | Found a radiant altar of Vehumet.
  7583 | D:7      | Noticed Joseph
  7787 | D:7      | Killed Joseph
  7788 | D:7      | Reached skill level 12 in Axes
  8010 | D:7      | Noticed Menkaure
  8282 | D:7      | Killed Menkaure
  8300 | D:7      | Noticed Pikel
  8343 | D:6      | Killed Pikel
  8344 | D:6      | Reached skill level 13 in Axes
  9290 | D:8      | Reached XP level 10. HP: 56/84 MP: 10/10
  9522 | D:8      | Reached skill level 14 in Axes
 10987 | D:9      | Slain by a komodo dragon

Illustrated notes

Levels and vault maps discovered:
D:1:      ncdulo_watergridlock, layout_loops_corners, minmay_misc_feat_encased
D:2:      layout_basic, chequers_decorated_corner, kennysheep_generic_room_9,
          uniq_natasha
D:3:      layout_loops_cross, shapermc_ecumenical_altar_pompeii, uniq_robin
D:4:      layout_loops_corners, marbit_many_paths, lemuel_old_faithful,
          uniq_grinder
D:5:      layout_basic, temple_pool_b
D:6:      layout_gridville, lemuel_tele_altar, amethyst_killhole,
          kennysheep_generic_room_12, uniq_blork_the_orc
D:7:      layout_cave_pools, uniq_joseph, uniq_menkaure, uniq_pikel
D:8:      layout_layer_cave, eino_tiny_chamber
D:9:      layout_basic, mainiacjoe_overflow_brackets, erik_lair_dragon

Skill      XL: |  1  2  3  4  5  6  7  8  9 10 |
---------------+-------------------------------+-----
Axes           | 4 5 6 7 9 11 13 14 | 14.6
Fighting       | |  3.0
Armour         | |  1.5
Dodging        | |  1.5

Action                   |  1- 3 |  4- 6 |  7- 9 | 10-12 || total
-------------------------+-------+-------+-------+-------++-------
Melee: Hand axe          |    67 |   125 |       |       ||   192
       War axe           |       |    42 |   274 |    43 ||   359
       Punch             |       |       |     1 |     1 ||     2
Invok: Berserk           |       |     3 |     7 |     1 ||    11
       Trog's Hand       |       |     1 |     5 |       ||     6
 Abil: Spit Poison       |    20 |    13 |     9 |     3 ||    45
  Use: Scroll            |       |     2 |     3 |     2 ||     7
Armor: Animal skin       |     1 |       |       |       ||     1
       Plate armour      |    41 |    91 |   271 |    38 ||   441
Dodge: Dodged            |    18 |    36 |    40 |     9 ||   103
